 Dungeon Crawl Stone Soup version 0.25-a0-681-gdf4e720 (webtiles) character file.

Game seed: 8223495253534931708, levelgen mode: deterministic

16 Faels the Sneak (level 2, -2/18 HPs)
             Began as a Kobold Assassin on Mar 30, 2020.
             Slain by a frilled lizard (3 damage)
             ... on level 1 of the Dungeon.
             The game lasted 00:01:17 (802 turns).

Faels the Sneak (Kobold Assassin)                    Turns: 802, Time: 00:01:18

Health: -2/18      AC:  3    Str:  8    XL:     2   Next: 70%
Magic:  2/2        EV: 14    Int: 12    God:
Gold:   41         SH:  0    Dex: 16    Spells: 1/1 levels left

rFire    . . .     SeeInvis .   a - +2 dagger
rCold    . . .     Gourm    .   (shield restricted)
rNeg     . . .     Faith    .   b - +0 robe
rPois    .         Spirit   .   (no helmet)
rElec    .         Reflect  .   c - +0 cloak
rCorr    .         Harm     .   (no gloves)
MR       .....                  (no boots)
Stlth    +++.......             (no amulet)
HPRegen  0.06/turn              (no ring)
MPRegen  0.08/turn              (no ring)

@: no status effects
A: small, carnivore
a: no special abilities


You were on level 1 of the Dungeon.
You were completely stuffed.

You visited 1 branch of the dungeon, and saw 1 of its levels.

You collected 41 gold pieces.

Inventory:

Hand Weapons
 a - a +2 dagger (weapon)
Missiles
 d - 7 poisoned darts (quivered)
 e - 2 curare-tipped darts
Armour
 b - a +0 robe (worn)
 c - a +0 cloak (worn)
Potions
 h - a potion of lignification {unknown}
Comestibles
 f - 2 rations
 g - 2 chunks of flesh


   Skills:
 + Level 2.4 Fighting
 + Level 3.0 Short Blades
 + Level 2.4 Throwing
 + Level 1.7 Dodging
 + Level 5.5 Stealth


You had one spell level left.
You didn't know any spells.
Your spell library was empty.

Dungeon Overview and Level Annotations

Branches:
Dungeon (1/15)

Altars:


Innate Abilities, Weirdness & Mutations

You are small and have problems with some larger weapons.
You are carnivorous and can eat meat at any time.


Message History

You are too injured to fight recklessly!
Unknown command.
You hit the hobgoblin.
The hobgoblin is heavily wounded.
The frilled lizard closely misses you. The bat misses you.
The hobgoblin hits you with a +0 club.
* * * LOW HITPOINT WARNING * * *
The hobgoblin blocks your attack.
The hobgoblin is heavily wounded.
The bat misses you. The frilled lizard closely misses you.
You hit the hobgoblin.
The hobgoblin is severely wounded.
The bat misses you. The hobgoblin misses you.
The frilled lizard closely misses you.
You hit the hobgoblin but do no damage.
The hobgoblin is heavily wounded.
The bat closely misses you. The hobgoblin hits you with a +0 club.
* * * LOW HITPOINT WARNING * * *
The frilled lizard bites you.
You die...

######.#..............
##
######.##########.....
#.. #.......# ######
#...##.......#
.............#
...##.......#
#.......# #.......#
#...b@..# #...l.g.#
#.......# #...........
#............
######........
#........ #........
#........ ##


You could see a hobgoblin, a bat and a frilled lizard.

Vanquished Creatures
  2 leopard geckos (D:1)
  A giant cockroach (D:1)
  4 goblins (D:1)
  A hobgoblin (D:1)
  A ball python (D:1)
  2 kobolds (D:1)
  2 rats (D:1)
13 creatures vanquished.

Notes
Turn   | Place    | Note
-------+----------+-------------------------------------------
     0 | D:1      | Faels the Kobold Assassin began the quest for the Orb.
     0 | D:1      | Reached XP level 1. HP: 12/12 MP: 1/1
   263 | D:1      | Reached XP level 2. HP: 8/18 MP: 2/2
   802 | D:1      | Slain by a frilled lizard

Levels and vault maps discovered:
D:1:      mrwooster_arrival_statue, layout_basic,
          chequers_serial_rivers_small_b, due_unseen_surprise

Skill      XL: |  1  2 |
---------------+-------+-----
Short Blades   | 3 |  3.0
Fighting       | |  2.4
Throwing       | |  2.4
Dodging        | |  1.7
Stealth        | |  5.5

Action                   || total
-------------------------++-------
Melee: Dagger            ||    54
Throw: Dart              ||     3
 Stab: Distracted        ||     1
  Eat: Chunk             ||     8
Armor: Robe              ||    11
Dodge: Dodged            ||    47

Table legend:
 A = Non-vault XP
 B = Vault XP
 C = Vault XP percentage of total XP
 D = Non-vault monster count
 E = Vault monster count
 F = Vault count percentage of total count
                 A         B        C        D         E       F
            +---------+---------+-------+---------+---------+-------
      Total |      23 |       0 |   0.0 |      13 |       0 |   0.0
            +---------+---------+-------+---------+---------+-------
        D:1 |      23 |       0 |   0.0 |      13 |       0 |   0.0
            +---------+---------+-------+---------+---------+-------
